 Dungeon Crawl Stone Soup version 0.14-a0-1590-g25a9b7f (webtiles) character file.

32935 Piginabag the Sharpshooter (level 14, 0/80 HPs)
             Began as a Formicid Hunter on Dec 24, 2013.
             Was a High Priest of Okawaru.
             Slain by a centaur warrior (6 damage)
             ... on Level 13 of the Dungeon.
             The game lasted 01:55:14 (18326 turns).

Piginabag the Sharpshooter (Formicid Hunter)       Turns: 18326, Time: 01:55:14

HP   0/80        AC 14     Str 26      XL: 14   Next: 31%
MP  23/24        EV 22     Int 11      God: Okawaru [*****.]
Gold 992         SH 29     Dex 13      Spells:  0 memorised, 13 levels left

rFire  + . .     SeeInvis +     b - +3,+1 crossbow (velocity)
rCold  + . .     Clarity  .     E - +3 ring mail {rC+}
rNeg   . . .     Conserve .     r - +1 shield
rPois  x         rCorr    .     (helmet unavailable)
rElec  .         rRot     .     F - -2 cloak of the Salmon {Str+3 Int+1}
SustAb . .       Spirit   .     n - +0 pair of gloves
rMut   .         Warding  .     u - +0 pair of dwarf boots
Saprov . . .     Stasis   +     t - amulet of faith
                                U - ring of protection from fire
                                y - +4 ring of evasion

@: heroism, somewhat resistant to hostile enchantments, quite stealthy
A: permanent stasis, dig shafts and tunnels, four strong arms, poison weakness,
antennae 3, agile 1, breathe flames 1, exoskeleton 1
a: Dig, Shaft Self, Heroism, Finesse, Renounce Religion, Breathe Fire


You were on level 13 of the Dungeon.
You worshipped Okawaru.
Okawaru was extremely pleased with you.
You were not hungry.

You visited 2 branches of the dungeon, and saw 15 of its levels.
You also visited: Ice Cave.

You collected 1168 gold pieces.
You spent 176 gold pieces at shops.

Inventory:

Hand weapons
 b - a +3,+1 crossbow of velocity (weapon)
 o - the cursed +7,+2 halberd of Extinguishment {chop, MR+}
   (You found it on level 13 of the Dungeon)

   It inflicts extra damage upon your enemies.
   It affects your resistance to hostile enchantments.
   It has a curse placed upon it.
 v - the +10,+9 spear "Kuuwkas" {venom, rPois rF- rC++}
   (You took it off an orc on level 8 of the Dungeon)

   It poisons the flesh of those it strikes.
   It makes you vulnerable to fire.
   It greatly protects you from cold.
   It protects you from poison.
 H - the +8,+5 bardiche "Nequm" {pain, rC++ SInv}
   (Okawaru gifted it to you on level 13 of the Dungeon)

   In the hands of one skilled in necromantic magic, it inflicts extra damage on
   living creatures.
   It greatly protects you from cold.
   It enhances your eyesight.
 K - a +0 blowgun
 W - a -1,+1 orcish anti-magic war axe
Missiles
 a - 3 curare-tipped needles
 e - a bolt of frost (quivered)
 g - 2 bolts of penetration
 s - 5 poisoned bolts
 A - 5 needles of slowing
 O - a bolt of flame
 Y - 6 needles of confusion
Armour
 d - a +0 leather armour
 n - a +0 pair of gloves (worn)
 q - a +0 elven cloak
 r - a +1 shield (worn)
 u - a +0 pair of dwarven boots (worn)
 E - a +3 ring mail of cold resistance (worn)
 F - the -2 cloak of the Salmon (worn) {Str+3 Int+1}
   (Okawaru gifted it to you on level 1 of the Orcish Mines)

   It affects your strength (+3).
   It affects your intelligence (+1).
Comestibles
 f - 2 bread rations
 h - 10 grapes
 i - 4 chokos
 k - a chunk of wyvern flesh
 p - 2 apricots
 w - 2 apples
 B - a pear
 N - 2 meat rations
Scrolls
 z - 2 scrolls of fog
Jewellery
 l - an uncursed amulet of warding
 t - an amulet of faith (around neck)
 y - a +4 ring of evasion (left hand)
 U - a ring of protection from fire (right hand)
Potions
 j - 2 potions of restore abilities
Books
 c - a book of Hinderance

   Spells                             Type                      Level
   Confusing Touch                    Hexes                        1
   Slow                               Hexes                        2
   Confuse                            Hexes                        3
   Petrify                            Transmutation/Earth          4
   Leda's Liquefaction                Hexes/Earth                  4
   Metabolic Englaciation             Hexes/Ice                    6
 D - a book of the Dragon

   Spells                             Type                      Level
   Flight                             Charms/Air                   3
   Cause Fear                         Hexes                        4
   Bolt of Fire                       Conjuration/Fire             6
   Dragon Form                        Transmutation                7
   Summon Dragon                      Summoning                    9
 I - a book of Frost

   Spells                             Type                      Level
   Freeze                             Ice                          1
   Throw Frost                        Conjuration/Ice              2
   Ozocubu's Armour                   Charms/Ice                   3
   Throw Icicle                       Conjuration/Ice              4
   Summon Ice Beast                   Ice/Summoning                4
   Condensation Shield                Ice                          4
 M - a book of the Tempests

   Spells                             Type                      Level
   Static Discharge                   Conjuration/Air              3
   Lightning Bolt                     Conjuration/Air              5
   Fireball                           Conjuration/Fire             5
   Tornado                            Air                          9
   Shatter                            Earth                        9
Miscellaneous
 S - a fan of gales


   Skills:
 + Level 3.9(8.9) Fighting
 + Level 3.4(8.4) Axes
 * Level 4.0(9.0) Polearms
 + Level 15.8(20.8) Crossbows
 + Level 0.5(5.5) Throwing
 + Level 5.8(10.8) Armour
 + Level 9.2(14.2) Dodging
 + Level 4.9(9.9) Stealth
 + Level 8.1(13.1) Shields
 + Level 6.1 Invocations
 + Level 0.2 Evocations


You had 13 spell levels left.
You didn't know any spells.

Dungeon Overview and Level Annotations

Branches:
Dungeon (13/16)            Temple (0/1) D:6             Orc (2/4) D:11
   Lair (0/8) D:10

Altars:
Fedhas
Okawaru
Trog
the Shining One

Shops:
D:5 %   D:8 [   D:10 !*   D:12 *


Innate Abilities, Weirdness & Mutations

Your are under a permanent stasis effect.
You can dig through walls and to a lower floor.
Your four strong arms can wield any weapon, most with a shield.
You are susceptible to poison.
You have a pair of large antennae on your head (SInv).
Your body is surrounded by an exoskeleton. (HP +5, AC +1)
You are agile. (Dex +2)
You can breathe flames.


Message History

Firing (i - inventory. (,) - cycle):
X - 3 bolts (quivered)
Press: ? - help, Shift-Dir - straight line, f/p - centaur warrior
Aim: a centaur warrior (moderately wounded)
You shoot a bolt. The bolt hits the centaur warrior.
The centaur warrior is heavily wounded.
The centaur warrior hits you!
* * * LOW HITPOINT WARNING * * *
Firing (i - inventory. (,) - cycle):
X - 2 bolts (quivered)
Press: ? - help, Shift-Dir - straight line, f/p - centaur warrior
Aim: a centaur warrior (heavily wounded)
You shoot a bolt. The bolt hits the centaur warrior.
The centaur warrior is heavily wounded.
You block the centaur warrior's attack.
Firing (i - inventory. (,) - cycle):
X - a bolt (quivered)
Press: ? - help, Shift-Dir - straight line, f/p - centaur warrior
Aim: a centaur warrior (heavily wounded)
You shoot a bolt. The bolt hits the centaur warrior.
The centaur warrior is heavily wounded.
The centaur warrior hits you.
You die...

#....s.# #.. #......#{
#..... #......###
#.....# ###..........
......# ........####
#.....# ..####..#
#.....# ..# #..#
#.....# ..# #..#
#.c...# ..#
#..########@....#
..####.........(.....#
........%....((......#
....>................#
######################


You could see a centaur warrior.

Vanquished Creatures
  4 hydras
  The ghost of ReteAZ the Basher, an experienced OgAM of Okawaru (D:8)
  Urug (Orc:1)
  2 centaur warriors (D:13)
  A fire crab (shapeshifter) (D:13)
  2 skeletal warriors (D:13)
  2 ice statues (IceCv)
  The ghost of M4edhros the Hoplite, an experienced OpCK of Xom (D:7)
  An unseen horror (D:11)
  The ghost of Piginabag the Quickloader, an experienced FoHu of Okawaru (D:6)
  4 hill giants
  Joseph (D:7)
  The ghost of Piginabag the Bolt Thrower, an experienced FoHu of Okawaru (D:5)
  3 trolls
  Grinder (D:5)
  3 two-headed ogres
  A trapdoor spider (D:7)
  2 wyverns
  A basilisk (D:10)
  A shadow (D:13)
  3 wraiths
  29 yaks
  5 ugly things (D:13)
  2 hungry ghosts (D:10)
  A steam dragon (D:13)
  3 vampire mosquitoes (D:11)
  A mottled dragon (D:13)
  A hippogriff (D:11)
  The ghost of Piginabag the Bolt Thrower, an average FoHu (D:3)
  A manticore (D:12)
  A soldier ant (D:13)
  3 necrophages
  23 ice beasts
  3 porcupines (D:10)
  13 orc warriors
  7 ogres
  2 black bears
  2 phantoms
  3 sky beasts (D:13)
  A big kobold (D:11)
  12 centaurs
  A giant slug (D:10)
  2 wargs (Orc:1)
  2 crocodiles
  2 giant frogs
  A cyclops zombie (D:12)
  Blork the orc (D:7)
  2 gnoll sergeants
  2 insubstantial wisps (D:13)
  A cyclops skeleton (D:13)
  2 eyes of draining
  14 killer bees
  A troll skeleton (D:8)
  2 yak skeletons
  11 crimson imps
  A giant frog zombie (D:11)
  9 wights
  13 orc priests
  8 hounds
  5 jellies
  22 orc wizards
  5 scorpions
  5 worker ants
  7 iguanas
  A crocodile zombie (D:11)
  Jessica (D:2)
  A big kobold zombie (D:12)
  A hound skeleton (D:3)
  A mummy (D:4)
  10 gnolls
  16 adders
  5 green rats (D:10)
  4 giant mites
  6 worms
  A giant centipede zombie (D:8)
  2 adder skeletons
  A giant eyeball (D:4)
  2 oozes
  98 orcs
  A ball python (D:2)
  A bat skeleton (D:4)
  4 giant cockroaches
  20 hobgoblins
  13 jackals
  16 kobolds
  13 quokkas
  20 bats
  A giant cockroach zombie (D:5)
  9 giant geckos
  5 giant newts
  A giant spore (D:8)
  18 goblins
  A goblin skeleton (D:4)
  A hobgoblin skeleton (D:9)
  A hobgoblin zombie (D:4)
  A kobold skeleton (D:7)
  A kobold zombie (D:4)
  An orc skeleton (D:4)
  An orc zombie (D:4)
  9 rats
  3 ballistomycetes
  A plant (D:4)
562 creatures vanquished.

Vanquished Creatures (others)
  A troll (D:12)
  An orc (D:7)
  A ball python (D:4)
  A giant spore (D:7)
  An orc zombie (D:4)
  2 ballistomycetes (D:7)
7 creatures vanquished.

Grand Total: 569 creatures vanquished

Notes
Turn   | Place    | Note
--------------------------------------------------------------
     0 | D:1      | Piginabag, the Formicid Hunter, began the quest for the Orb.
     0 | D:1      | Reached XP level 1. HP: 17/17 MP: 1/1
   176 | D:1      | Found an iron altar of Okawaru.
   184 | D:1      | Became a worshipper of Warmaster Okawaru
   234 | D:1      | Reached XP level 2. HP: 21/21 MP: 2/2
   384 | D:1      | Reached XP level 3. HP: 25/25 MP: 3/3
   708 | D:2      | Found a bloodstained altar of Trog.
   779 | D:2      | Reached skill level 1 in Armour
   790 | D:2      | Reached skill level 5 in Crossbows
   845 | D:2      | Reached XP level 4. HP: 30/30 MP: 4/4
  1198 | D:2      | Reached XP level 5. HP: 34/34 MP: 5/5
  1346 | D:2      | Noticed Jessica
  1348 | D:2      | Killed Jessica
  1498 | D:3      | Reached skill level 6 in Crossbows
  1501 | D:3      | Reached XP level 6. HP: 29/39 MP: 6/6
  1525 | D:3      | Noticed Piginabag's ghost (average FoHu)
  1530 | D:3      | Killed Piginabag's ghost
  1530 | D:3      | Acquired Okawaru's first power
  1681 | D:3      | Reached XP level 7. HP: 43/43 MP: 7/7
  1913 | D:3      | Reached skill level 7 in Crossbows
  2554 | D:4      | Reached skill level 1 in Shields
  2783 | D:4      | Reached XP level 8. HP: 44/48 MP: 8/8
  3125 | D:4      | Reached skill level 8 in Crossbows
  3382 | D:5      | Entered Level 5 of the Dungeon
  3382 | D:5      | Noticed Piginabag's ghost (experienced FoHu)
  3577 | D:5      | Killed Piginabag's ghost
  3787 | D:5      | Reached skill level 1 in Axes
  3889 | D:5      | Found Cotiep's Food Shoppe.
  3983 | D:5      | Reached XP level 9. HP: 52/52 MP: 9/9
  4538 | D:5      | Noticed Grinder
  4560 | D:5      | Killed Grinder
  4560 | D:5      | Received a gift from Okawaru
  4560 | D:5      | Reached skill level 9 in Crossbows
  5022 | D:6      | Noticed Piginabag's ghost (experienced FoHu)
  5040 | D:6      | Killed Piginabag's ghost
  5040 | D:6      | Received a gift from Okawaru
  5040 | D:6      | Reached skill level 5 in Dodging
  5040 | D:6      | Reached skill level 1 in Invocations
  5238 | D:6      | Found a staircase to the Ecumenical Temple.
  5352 | D:6      | Reached XP level 10. HP: 59/59 MP: 12/12
  5383 | D:6      | Received a gift from Okawaru
  5792 | D:7      | Reached skill level 10 in Crossbows
  5958 | D:7      | Found a bloodstained altar of Trog.
  6091 | D:7      | Noticed Blork the orc
  6097 | D:7      | Killed Blork the orc
  6138 | D:7      | Noticed M4edhros' ghost (experienced OpCK)
  6149 | D:7      | Killed M4edhros' ghost
  6436 | D:7      | Reached skill level 11 in Crossbows
  6943 | D:8      | Noticed ReteAZ's ghost (experienced OgAM)
  6953 | D:8      | Killed ReteAZ's ghost
  6953 | D:8      | Received a gift from Okawaru
  6968 | D:8      | Found Craras' Armour Shop.
  7103 | D:8      | Reached XP level 11. HP: 63/63 MP: 16/16
  7206 | D:8      | Noticed Joseph
  7773 | D:7      | Killed Joseph
  7773 | D:7      | Received a gift from Okawaru
  8037 | D:8      | Reached skill level 12 in Crossbows
  8080 | D:8      | Got a fine spear
  8081 | D:8      | Identified the +10,+9 spear "Kuuwkas" {venom, rPois rF- rC++} (You took it off an orc on level 8 of the Dungeon)
  8564 | D:8      | Found a blossoming altar of Fedhas.
  9197 | D:9      | Found a glowing golden altar of the Shining One.
  9414 | D:10     | Entered Level 10 of the Dungeon
  9649 | D:10     | Received a gift from Okawaru
  9653 | D:10     | Found a staircase to the Lair.
  9783 | D:10     | Received a gift from Okawaru
  9859 | D:10     | Reached skill level 13 in Crossbows
  9859 | D:10     | Reached skill level 5 in Shields
  9905 | D:9      | Acquired Okawaru's second power
  9907 | D:9      | Received a gift from Okawaru
 10243 | D:10     | Reached XP level 12. HP: 68/68 MP: 19/19
 10278 | D:10     | Found Moaleuwe's General Store.
 10282 | D:10     | Found Zaagg's Distillery.
 10305 | D:10     | Bought a potion of heal wounds for 48 gold pieces
 10305 | D:10     | Bought a potion of curing for 32 gold pieces
 10305 | D:10     | Bought a potion of mutation for 48 gold pieces
 10305 | D:10     | Bought a potion of heal wounds for 48 gold pieces
 10310 | D:10     | Gained mutation: You can breathe flames. [potion of mutation]
 10310 | D:10     | Gained mutation: You are weak. (Str -2) [potion of mutation]
 10310 | D:10     | Gained mutation: Your mind is acute. (Int +2) [potion of mutation]
 10311 | D:10     | Gained mutation: You are agile. (Dex +2) [potion of mutation]
 10311 | D:10     | Gained mutation: Your body is slowly deteriorating. [potion of mutation]
 10311 | D:10     | Gained mutation: Your spells are a little harder to cast, but a little more powerful. [potion of mutation]
 11072 | D:11     | Reached skill level 1 in Polearms
 11117 | D:11     | Received a gift from Okawaru
 11358 | D:11     | Noticed an unseen horror
 11365 | D:11     | Killed an unseen horror
 11471 | D:11     | Found a staircase to the Orcish Mines.
 11532 | D:11     | Reached skill level 14 in Crossbows
 11663 | D:11     | Received a gift from Okawaru
 12043 | D:11     | Reached skill level 5 in Armour
 12362 | D:12     | Found Cihaiguw's General Store.
 12392 | D:12     | Noticed a four-headed hydra
 12502 | D:12     | Killed a four-headed hydra
 12674 | D:12     | Reached XP level 13. HP: 73/73 MP: 18/21
 12949 | D:12     | Received a gift from Okawaru
 13523 | D:13     | Noticed a five-headed hydra
 13540 | D:12     | Killed a five-headed hydra
 13540 | D:12     | Reached skill level 5 in Invocations
 13673 | D:13     | Received a gift from Okawaru
 13916 | D:12     | Noticed a four-headed hydra
 13927 | D:12     | Killed a four-headed hydra
 13927 | D:12     | Reached skill level 15 in Crossbows
 14417 | D:13     | Got a transparent halberd
 14418 | D:13     | Identified the cursed +7,+2 halberd of Extinguishment {chop, MR+} (You found it on level 13 of the Dungeon)
 14523 | D:13     | Noticed an eight-headed hydra
 14596 | D:13     | Lost mutation: Your body is slowly deteriorating. [potion of cure mutation]
 14596 | D:13     | Lost mutation: You are weak. (Str -2) [potion of cure mutation]
 14596 | D:13     | Lost mutation: Your spells are a little harder to cast, but a little more powerful. [potion of cure mutation]
 14596 | D:13     | Lost mutation: Your mind is acute. (Int +2) [potion of cure mutation]
 14804 | D:13     | Received a gift from Okawaru
 14807 | D:13     | Got a crystal bardiche {god gift}
 14812 | D:13     | Identified the +8,+5 bardiche "Nequm" {pain, rC++ SInv} (Okawaru gifted it to you on level 13 of the Dungeon)
 15251 | Orc:1    | Entered Level 1 of the Orcish Mines
 15764 | Orc:1    | Found a frozen archway.
 15815 | Orc:1    | Received a gift from Okawaru
 15857 | Orc:1    | Got a twisted cloak {god gift}
 15858 | Orc:1    | Identified the -2 cloak of the Salmon {Str+3 Int+1} (Okawaru gifted it to you on level 1 of the Orcish Mines)
 15984 | IceCv    | Entered an ice cave
 16015 | IceCv    | Reached XP level 14. HP: 52/79 MP: 23/23
 16329 | IceCv    | Noticed an ice dragon
 16329 | IceCv    | Noticed an ice dragon
 16923 | Orc:2    | Noticed Urug
 16949 | Orc:1    | Killed Urug
 18267 | D:13     | Killed an eight-headed hydra
 18326 | D:13     | Slain by a centaur warrior

Action                   |  1- 3 |  4- 6 |  7- 9 | 10-12 | 13-15 || total
-------------------------+-------+-------+-------+-------+-------++-------
Melee: Hand axe          |       |       |   246 |       |       ||   246
       War axe           |       |       |       |    19 |   105 ||   124
       Spear             |       |       |       |   100 |   433 ||   533
       Crossbow          |       |       |       |     1 |       ||     1
 Fire: Crossbow          |    40 |    61 |   228 |   627 |   198 ||  1154
       Blowgun           |       |       |       |     9 |     9 ||    18
Invok: Heroism           |       |       |     2 |    33 |    26 ||    61
 Abil: Dig               |       |     1 |       |     3 |    26 ||    30
       Breathe Fire      |       |       |       |     2 |     1 ||     3
Evoke: Wand              |       |       |       |     2 |       ||     2
  Use: Scroll            |       |    10 |     2 |    19 |     6 ||    37
       Potion            |       |       |     4 |     6 |    13 ||    23
 Stab: Sleeping          |       |       |     4 |     1 |     3 ||     8
       Distracted        |       |       |       |       |     1 ||     1
       Invisible         |       |       |       |       |     1 ||     1
